 Dungeon Crawl Stone Soup version 0.28-a0-1395-g4f6bc678fa (webtiles) character file.

Game seed: 2335323716950502106

269 tilp the Chiller (level 6, 26/26 HPs)
             Began as a Felid Ice Elementalist on Jan 4, 2022.
             Quit the game in an ossuary.
             The game lasted 00:07:58 (7163 turns).

tilp the Chiller (Felid Ice Elementalist)           Turns: 7163, Time: 00:07:59

Health: 26/26      AC:  2    Str:  4    XL:     6   Next: 1%
Magic:  11/11      EV: 18    Int: 18    God:
Gold:   185        SH:  0    Dex: 17    Spells: 4/11 levels left
                                        Lives:  1   Deaths: 1

rFire   . . .      SeeInvis +     - Unarmed
rCold   . . .      Faith    .   (shield unavailable)
rNeg    . . .      Spirit   .   (armour unavailable)
rPois   +          Reflect  .   (helmet unavailable)
rElec   .          Harm     .   (cloak unavailable)
rCorr   .          Rampage  .   (gloves unavailable)
Will    +....                   (boots unavailable)
Stlth   +++.......              (no amulet)
HPRegen 0.08/turn               f - ring of poison resistance
MPRegen 0.12/turn               g - ring of willpower

@: quick
A: very small, claws 1, fangs 3, see invisible, speed 1, shaggy fur 2, stealthy
paws, no weapons or thrown items, no armour, multi-lived
a: no special abilities


You were in an ossuary.
You visited 1 branch of the dungeon, and saw 5 of its levels.
You also visited: Ossuary.

You collected 185 gold pieces.

Inventory:

Jewellery
 f - a ring of poison resistance (left paw)
 g - a ring of willpower (right paw)
Wands
 a - a wand of flame (9)
Scrolls
 j - 4 scrolls of fog {unknown}
 k - 2 scrolls of amnesia {unknown}
Potions
 b - a potion of cancellation
 c - a potion of mutation {unknown}
 d - 2 potions of brilliance
 h - 3 potions of curing {unknown}
 i - a potion of attraction {unknown}


   Skills:
 * Level 2.3 Fighting
 + Level 3.6 Dodging
 + Level 3.7 Stealth
 * Level 2.4 Unarmed Combat
 - Level 3.0 Spellcasting
 - Level 6.0 Ice Magic


You had 4 spell levels left.
You knew the following spells:

 Your Spells              Type           Power      Damage    Failure   Level
a - Freeze                Ice            96%        1d11      1%          1
b - Frozen Ramparts       Ice            48%        1d6       4%          3
c - Ozocubu's Armour      Ice            24%        N/A       4%          3

Your spell library contained the following spells:

 Spells                   Type           Power      Damage    Failure   Level
 Summon Guardian Golem    Hex/Summ       2%         N/A       43%         3
 Hailstorm                Conj/Ice       13%        3d5       43%         4
 Orb of Destruction       Conj           1%         N/A       100%        7
 Spellforged Servitor     Conj/Summ      1%         N/A       100%        7


Dungeon Overview and Level Annotations

Branches:
Dungeon (5/15)            Ossuary (1/1)
 Temple: D:4-7

Altars:
Fedhas
Yredelemnul

Annotations:
D:4 2 transporters, mcsplat's ghost, amateur MfAK


Innate Abilities, Weirdness & Mutations

You have sharp claws.
You have razor-sharp teeth.
You have supernaturally acute eyesight. (SInv)
You cover ground quickly. (Speed+)
You are covered in thick fur. (AC +2)
Your paws help you pounce on unaware monsters.
You are incapable of wielding weapons or throwing items.
You cannot wear armour.
You gain extra lives every three experience levels.


Message History

Unknown command.
You scratch the mummy but do no damage. Your bite misses the mummy.
You scratch the mummy.
The mummy is lightly damaged.
The mummy closely misses you.
You scratch the mummy but do no damage.
The mummy is lightly damaged.
The mummy closely misses you. The mummy hits you!
You scratch the mummy but do no damage.
The mummy is lightly damaged.
The mummy barely misses you.
Unknown command.
You scratch the mummy but do no damage.
The mummy is lightly damaged.
The mummy closely misses you.
You scratch the mummy but do no damage.
The mummy is lightly damaged.
The mummy closely misses you.
Unknown command.
You barely miss the mummy.
The mummy is lightly damaged.
The mummy hits you!
* * * LOW HITPOINT WARNING * * *
Unknown command.
As you read the scroll of teleportation, it crumbles to dust.
You feel strangely unstable. The mummy hits you!
You die...
You are now level 6!
You rejoin the land of the living...
Unknown command.
Unknown command.
Unknown command.
You start waiting.
A human zombie comes into view.
A human zombie is nearby!
A human zombie is nearby!
A human zombie is nearby!
Unknown command.
A human zombie is nearby!
Are you sure you want to abandon this character and quit the game? (Confirm with "yes".)

#...#.####.......#.
#...#....M.......#.
#...#.####M.####.#.
#...#.# #..#..#.#.
#...#.. #M.#....#.
#...######.Z######.
#...........Z......
#......Z.8..8......
#.@................
#..................
###################


You could see a human zombie (wandering).

Vanquished Creatures
  A necrophage (D:4)
  2 jellies (D:4)
  An orc priest (D:3)
  2 iguanas (D:4)
  2 orc wizards (D:5)
  A scorpion zombie (D:3)
  7 adders
  6 gnolls
  An ufetubus (D:5)
  An adder zombie (D:3)
  A worm (D:3)
  3 dart slugs (D:3)
  7 orcs
  4 bats
  9 endoplasms
  4 giant cockroaches
  6 hobgoblins
  A jackal (D:3)
  2 quokkas
  11 ball pythons
  3 frilled lizards
  5 goblins
  9 hobgoblin zombies (Ossuary)
  6 kobolds
  5 kobold zombies (Ossuary)
  7 orc zombies (Ossuary)
  2 rats (D:1)
109 creatures vanquished.

Vanquished Creatures (others)
  3 plants (D:5)
3 creatures vanquished.

Grand Total: 112 creatures vanquished

Notes
Turn   | Place    | Note
-------+----------+-------------------------------------------
     0 | D:1      | tilp the Felid Ice Elementalist began the quest for the
                  | Orb.
     0 | D:1      | Reached XP level 1. HP: 7/7 MP: 4/4
   269 | D:1      | Reached XP level 2. HP: 11/11 MP: 4/6
   323 | D:1      | Found a faded altar of an unknown god.
   347 | D:1      | Reached skill level 4 in Ice Magic
  1603 | D:2      | Reached XP level 3. HP: 10/14 MP: 3/7
  1607 | D:2      | Learned a level 3 spell: Frozen Ramparts
  2206 | D:3      | Learned a level 3 spell: Ozocubu's Armour
  2896 | D:3      | Reached XP level 4. HP: 18/18 MP: 3/9
  2982 | D:3      | Noticed an ice beast
  3086 | D:3      | Found the +2 ratskin cloak {*Rats rPois rN+ Str-1 Int-1
                  | Dex+1}
  3135 | D:3      | Identified the +1 robe of Supple Strength {*Corrode Dex+7}
  3474 | D:3      | Reached skill level 5 in Ice Magic
  3852 | D:3      | Reached XP level 5. HP: 5/21 MP: 10/10
  4176 | D:3      | Found a basalt altar of Yredelemnul.
  4438 | D:4      | Noticed a necrophage
  4773 | D:4      | Reached skill level 6 in Ice Magic
  5070 | D:4      | HP: 1/21 [iguana (8)]
  5072 | D:4      | Reached skill level 1 in Fighting
  5072 | D:4      | Gained mutation: You are covered in thick fur. (AC +2)
                  | [Felid growth]
  5072 | D:4      | Reached XP level 6. HP: 1/25 MP: 4/11
  5528 | D:4      | Reached skill level 1 in Unarmed Combat
  5806 | D:4      | Found a blossoming altar of Fedhas.
  6124 | D:4      | Found a transporter.
  6125 | D:4      | Identified the +6 dire flail of Hacking and Slashing
                  | {vorpal, Str+6 Dex+7}
  6125 | D:4      | Noticed mcsplat's ghost (amateur MfAK)
  6127 | D:4      | Found a transporter.
  6494 | D:5      | Entered Level 5 of the Dungeon
  6802 | D:5      | Found a sand-covered staircase.
  6811 | Ossuary  | Entered an ossuary
  6892 | Ossuary  | Reached XP level 7. HP: 26/30 MP: 12/12
  7136 | Ossuary  | Mangled by a mummy
  7137 | Ossuary  | Reached XP level 6. HP: -7/26 MP: 10/11
  7163 | Ossuary  | Quit the game

Illustrated notes

Levels and vault maps discovered:
D:1:      moated_graveyard_arrival, layout_rooms, basic_ecumenical_altar
D:2:      layout_rooms, hangedman_decor_points
D:3:      minmay_bubble_buster, layout_loops_ring,
          lemuel_zombie_altar_yredelemnul
D:4:      layout_loops_corners, general_overflow_altar, gammafunk_ghost_smash
D:5:      kennysheep_kobold_camp, layout_basic,
          mainiacjoe_overflow_cross_hatched, gammafunk_temple_overflow_elements,
          minmay_temple_entry_mini_moons, nicolae_ossuary_entry_ruins,
          moated_statue, st_stairs_13, chequers_garden
Ossuary:  ossuary_tomb_1

Skill      XL: |  1  2  3  4  5  6 |
---------------+-------------------+-----
Ice Magic      | 4 5 6 |  6.0
Spellcasting   | 3 |  3.0
Fighting       | 1 2 |  2.3
Stealth        | 3 |  3.7
Dodging        | 3 |  3.6
Unarmed Combat | 2 |  2.4

Action                   |  1- 3 |  4- 6 |  7- 9 || total
-------------------------+-------+-------+-------++-------
Melee: Unarmed           |    17 |   117 |    48 ||   182
       Bite              |     1 |    13 |     4 ||    18
 Cast: Freeze            |    47 |    41 |       ||    88
       Frozen Ramparts   |     4 |    14 |       ||    18
       Ozocubu's Armour  |       |     6 |     1 ||     7
Evoke: Wand              |       |       |     3 ||     3
  Use: Scroll            |     4 |     4 |     1 ||     9
 Stab: Sleeping          |     8 |     8 |     1 ||    17
Armor: Skin              |     6 |    12 |     5 ||    23
Dodge: Dodged            |    36 |   108 |    40 ||   184

Table legend: (Time is in decaauts)
 A = Elapsed time spent in this place.
 B = Non-inter-level travel time spent in this place.
 C = Inter-level travel time spent in this place.
 D = Time resting spent in this place.
 E = Time spent auto-exploring this place.
 F = Levels seen in this place.
 G = Mean time per level.
                   A        B        C        D        E       F      G
               +--------+--------+--------+--------+--------+-----+--------+
         Total |   6590 |   6383 |    207 |   2005 |   3449 |   6 | 1098.3 |
       Dungeon |   6273 |   6066 |    207 |   1905 |   3449 |   5 | 1254.6 |
       Ossuary |    316 |    316 |      0 |    100 |      0 |   1 |  316.0 |
               +--------+--------+--------+--------+--------+-----+--------+

Top non-repeatable levels by time:
     D:3: 2089 daAuts
     D:4: 1971 daAuts
     D:2: 1248 daAuts
     D:1: 896 daAuts
 Ossuary: 316 daAuts
     D:5: 67 daAuts
